 Dungeon Crawl Stone Soup version 0.30-a0-694-g3340775977 (webtiles) character file.

Game seed: 13103636211759737483

1340 Fenrisus the Sneak (level 8, -6/64 HPs)
             Began as a Formicid Hunter on Jan 20, 2023.
             Was an Initiate of Hepliaklqana.
             Killed by divine providence
             ... invoked by an orc priest
              (11 damage)
             ... on level 6 of the Dungeon.
             The game lasted 00:18:42 (4334 turns).

Fenrisus the Sneak (Formicid Hunter)                Turns: 4334, Time: 00:18:43

Health: -6/64      AC:  3    Str: 18    XL:     8   Next: 93%
Magic:  8/8        EV: 10    Int:  9    God:    Hepliaklqana [......]
Gold:   232        SH: 11    Dex: 17    Spells: 7/7 levels left

rFire   . . .      SeeInvis +    b - +1 falchion (vamp)
rCold   . . .      Faith    .    n - +0 tower shield
rNeg    + . .      Spirit   .    c - +0 leather armour
rPois   .          Reflect  .    (helmet unavailable)
rElec   .          Harm     .    r - scarf {+Inv}
rCorr   .          Rampage  .    (no gloves)
Will    .....                    (no boots)
Stlth   +++                      (no amulet)
HPRegen 0.30/turn                k - ring of flight
MPRegen 0.11/turn                m - ring of positive energy

@: lethally poisoned (-6 -> -13), flying
A: permanent stasis, dig shafts and tunnels, antennae 3, four strong arms
a: Dig, Shaft Self, Renounce Religion, Evoke Invisibility


You were on level 6 of the Dungeon.
You worshipped Hepliaklqana.
Hepliaklqana was noncommittal.
You visited 2 branches of the dungeon, and saw 7 of its levels.

You collected 232 gold pieces.

Inventory:

Hand Weapons
 a - a +0 shortbow of freezing
 b - a +1 vampiric falchion (weapon)
 o - a +0 scythe
Armour
 c - a +0 leather armour (worn)
 l - a +0 cloak
 n - a +0 tower shield (worn)
 r - a scarf of invisibility (worn)
Jewellery
 k - a ring of flight (left hand)
 m - a ring of positive energy (right hand)
Wands
 g - a wand of charming (6)
 h - a wand of light (5)
 q - a wand of flame (39)
Potions
 d - a potion of might
 e - a potion of ambrosia {unknown}
 f - 3 potions of mutation {unknown}
 i - a potion of lignification {unknown}
 j - a potion of cancellation {unknown}
 s - a potion of curing {unknown}


   Skills:
 + Level 6.0 Fighting
 + Level 6.4 Ranged Weapons
 + Level 4.9 Dodging
 + Level 6.7 Stealth


You had 7 spell levels left.
You didn't know any spells.
Your spell library contained the following spells:

 Spells                   Type           Power      Damage    Failure   Level
 Freeze                   Ice            0%         1d3       99%         1
 Ensorcelled Hibernation  Hex/Ice        0%         N/A       100%        2
 Passwall                 Tmut/Erth      0%         N/A       100%        2
 Frozen Ramparts          Ice            0%         1d1       100%        3
 Hailstorm                Conj/Ice       0%         3d3       100%        3
 Vhi's Electric Charge    Tloc/Air       0%         N/A       100%        3
 Ice Form                 Ice/Tmut       0%         N/A       100%        4
 Arcjolt                  Conj/Air       0%         1d10      100%        5
 Simulacrum               Ice/Necr       0%         N/A       100%        6
 Maxwell's Capacitive Co  Air            0%         ∞         100%        8
 Swiftness                Air            Unusable   N/A       N/A         3

Dungeon Overview and Level Annotations

Branches:
Dungeon (6/15)             Temple (1/1) D:6

Altars:
Ashenzari
Cheibriados
Dithmenos
Elyvilon
Fedhas
Gozag
Hepliaklqana
Kikubaaqudgha
Makhleb
Okawaru
Qazlal
Ru
Sif Muna
Trog
Uskayaw
Vehumet
Wu Jian
Xom
Zin
The Shining One


Innate Abilities, Weirdness & Mutations

You cannot be hasted, slowed, berserked, paralysed or teleported.
You can dig through walls and to a lower floor.
You have a pair of large antennae on your head. (SInv)
Your four strong arms can wield two-handed weapons with a shield.


Message History

* * * LOW HITPOINT WARNING * * *
The orc wizard barely misses you. You block the scorpion's attack.
The orc priest completely misses you.
You slash the orc wizard!
You feel better.
You kill the orc wizard!
You block the scorpion's attack. The orc priest closely misses you.
The scorpion closely misses you.
Your Fighting skill increases to level 6!
You block the orc priest's attack.
Things that are here:
a +1 dagger of speed; a +0 robe The orc shouts!
You hit the orc priest but do no damage.
The orc priest hits you but does no damage.
The scorpion barely misses you.
The orc priest hits you with a +0 dagger.
* * * LOW HITPOINT WARNING * * *
You block the scorpion's attack.
You closely miss the scorpion.
The scorpion is severely wounded.
You block the scorpion's attack.
The orc priest calls down the wrath of Beogh upon you.
You struggle to resist.
The scorpion closely misses you.
The orc priest invokes the aid of Beogh against you.
Pain shoots through your body!
* * * LOW HITPOINT WARNING * * *
You barely miss the scorpion.
The scorpion is severely wounded.
The scorpion stings you.
* * * LOW HITPOINT WARNING * * *
You are lethally poisoned!
The scorpion poisons you! You block the orc priest's attack.
You block the scorpion's attack.
You closely miss the scorpion.
The scorpion is severely wounded.
* * * LOW HITPOINT WARNING * * *
You feel very sick.
The orc priest calls down the wrath of Beogh upon you.
Beogh smites you!
You die...

####...####.# #..
#........##.# #.>
#.#......##.# #.. #
#......##.##### ###
#......'......#
#####.#......#......#
......###...##......#
......<.....##......#
......###@#.##......#
.......oos..##......#
.........############
.........########..
.........'.....o{..
.........#s.?o.....
###......#.##....o.
########.. ..... #.##
###+


You could see a scorpion, an orc priest and an orc.

Vanquished Creatures
  Sigmund (D:2)
  A sky beast (D:6)
  An ogre (D:5)
  4 phantoms
  A scorpion (D:5)
  A howler monkey (D:5)
  2 jellies
  4 hounds
  An orc priest (D:6)
  2 iguanas
  4 orc wizards
  4 gnolls (D:3)
  8 adders
  2 shadow imps (D:6)
  2 ufetubi
  3 worms
  2 dart slugs
  13 orcs
  4 endoplasms
  6 giant cockroaches
  6 goblins
  2 hobgoblins (D:4)
  11 jackals
  6 quokkas
  7 ball pythons
  5 bats
  2 frilled lizards
  3 kobolds
  3 rats (D:2)
111 creatures vanquished.

Notes
Turn   | Place    | Note
-------+----------+-------------------------------------------
     0 | D:1      | Fenrisus the Formicid Hunter began the quest for the Orb.
     0 | D:1      | Reached XP level 1. HP: 16/16 MP: 1/1
     1 | D:1      | Noticed an electric eel
   171 | D:1      | Reached XP level 2. HP: 13/23 MP: 2/2
   590 | D:2      | Reached XP level 3. HP: 25/28 MP: 3/3
   685 | D:2      | Found a glowing golden altar of the Shining One.
   745 | D:2      | Reached XP level 4. HP: 34/35 MP: 4/4
   954 | D:2      | Noticed Sigmund
   968 | D:2      | Killed Sigmund
   969 | D:2      | Reached XP level 5. HP: 32/42 MP: 5/5
   969 | D:2      | Reached XP level 6. HP: 36/48 MP: 6/6
  1288 | D:3      | Reached skill level 5 in Ranged Weapons
  1606 | D:3      | Reached XP level 7. HP: 52/54 MP: 7/7
  2086 | D:4      | Found an iron altar of Okawaru.
  2174 | D:4      | Reached skill level 5 in Stealth
  2416 | D:5      | Entered Level 5 of the Dungeon
  2550 | D:5      | Reached skill level 5 in Fighting
  2550 | D:5      | Reached XP level 8. HP: 62/62 MP: 8/8
  3980 | D:6      | Found a staircase to the Ecumenical Temple.
  4019 | Temple   | Entered the Ecumenical Temple
  4202 | Temple   | Became a worshipper of Hepliaklqana the Forgotten
  4334 | D:6      | Killed from afar by an orc priest

Illustrated notes

Levels and vault maps discovered:
D:1:      arrival_aquarium_a, layout_basic
D:2:      layout_rooms, basic_altar, ebering_dispersal_statue_hall, uniq_sigmund
D:3:      layout_basic, grunt_ministairs_2, cheibrodos_gnoll_hut
D:4:      layout_cave_pools, mainiacjoe_overflow_brackets, minmay_ruptured
D:5:      layout_loops_corners
D:6:      layout_basic, minmay_temple_entry_gardened_gates,
          nicolae_elevator_lobby_plus
Temple:   nicolae_temple_slightly_damp_pantheon

Skill      XL: |  1  2  3  4  5  6  7  8 |
---------------+-------------------------+-----
Dodging        | 2 3 4 |  4.9
Stealth        | 2 3 4 5 6 |  6.7
Fighting       | 3 4 5 6 |  6.0
Ranged Weapons | 5 6 |  6.4

Action                   |  1- 3 |  4- 6 |  7- 9 || total
-------------------------+-------+-------+-------++-------
Melee: Shortbow          |       |       |     2 ||     2
       Falchion          |       |       |    36 ||    36
 Fire: Shortbow          |    81 |   102 |   160 ||   343
Evoke: Wand              |       |       |    10 ||    10
  Use: Scroll            |       |     5 |     6 ||    11
       Potion            |       |       |     3 ||     3
Armor: Leather armour    |     7 |     8 |    24 ||    39
Dodge: Dodged            |    30 |    35 |    81 ||   146
Block: Tower shield      |       |       |    48 ||    48

Table legend: (Time is in decaauts)
 A = Elapsed time spent in this place.
 B = Non-inter-level travel time spent in this place.
 C = Inter-level travel time spent in this place.
 D = Time resting spent in this place.
 E = Time spent auto-exploring this place.
 F = Levels seen in this place.
 G = Mean time per level.
                   A        B        C        D        E       F      G
               +--------+--------+--------+--------+--------+-----+--------+
         Total |   4461 |   1381 |   3080 |    425 |    151 |   7 |  637.3 |
       Dungeon |   4220 |   1378 |   2842 |    425 |    151 |   6 |  703.3 |
        Temple |    240 |      2 |    238 |      0 |      0 |   1 |  240.0 |
               +--------+--------+--------+--------+--------+-----+--------+

Top non-repeatable levels by time:
     D:5: 1299 daAuts
     D:3: 995 daAuts
     D:1: 598 daAuts
     D:2: 468 daAuts
     D:6: 431 daAuts
     D:4: 427 daAuts
  Temple: 240 daAuts
